 Dungeon Crawl Stone Soup version 0.24.0-13-gcf9b319 (webtiles) character file.

Game seed: 14976976509462201158, levelgen mode: deterministic

91 Bronimir the Firebug (level 4, 0/42 HPs)
             Began as an Ogre Fire Elementalist on Apr 3, 2020.
             Slain by an orc wizard
             ... wielding a +0 dagger
              (4 damage)
             ... on level 3 of the Dungeon.
             The game lasted 00:04:09 (2047 turns).

Bronimir the Firebug (Ogre Fire Elementalist)       Turns: 2047, Time: 00:04:09

Health: 0/42       AC:  3    Str: 13    XL:     4   Next: 59%
Magic:  4/8        EV: 10    Int: 16    God:
Gold:   83         SH:  0    Dex:  9    Spells: 3/9 levels left

rFire    + . .     SeeInvis .   (no weapon)
rCold    x . .     Gourm    .   (no shield)
rNeg     . . .     Faith    .   a - +0 robe
rPois    .         Spirit   .   (helmet restricted)
rElec    .         Reflect  .   (no cloak)
rCorr    .         Harm     .   (gloves unavailable)
MR       .....                  (boots unavailable)
Stlth    +.........             (no amulet)
HPRegen  0.14/turn              d - ring of fire
MPRegen  0.11/turn              (no ring)

@: very slightly contaminated
A: large, unfitting armour, tough skin 1
a: no special abilities


You were on level 3 of the Dungeon.
You were hungry.

You visited 1 branch of the dungeon, and saw 3 of its levels.

You collected 83 gold pieces.

Inventory:

Hand Weapons
 b - a +0 flail
Missiles
 i - 46 stones (quivered)
Armour
 a - a +0 robe (worn)
Jewellery
 d - a ring of fire (left hand)
Potions
 e - a potion of brilliance {unknown}
 h - 2 potions of berserk rage
Comestibles
 c - 3 rations
 k - a chunk of flesh


   Skills:
 * Level 2.0 Fighting
 + Level 2.1 Dodging
 - Level 1.4 Stealth
 + Level 0.5 Unarmed Combat
 * Level 3.2 Spellcasting
 * Level 1.6 Conjurations
 * Level 3.3 Fire Magic


You had 3 spell levels left.
You knew the following spells:

 Your Spells              Type           Power        Failure   Level  Hunger
a - Flame Tongue          Conj/Fire      ###..        7%          1    None
b - Throw Flame           Conj/Fire      ###...       10%         2    ##.....
c - Conjure Flame         Conj/Fire      ###.....     21%         3    ###....

Your spell library contained the following spells:

 Spells                   Type           Power        Failure   Level  Hunger
 Inner Flame              Hex/Fire       ##......     28%         3    ###....
 Sticky Flame             Conj/Fire      ###.....     54%         4    ####...
 Fireball                 Conj/Fire      ###.......   88%         5    ######.


Dungeon Overview and Level Annotations

Branches:
Dungeon (2/15)

Altars:
Trog

Annotations:
D:3 Sigmund


Innate Abilities, Weirdness & Mutations

You are too large for most types of armour.
You have tough skin. (AC +1)


Message History

You are feeling hungry.
The jackal closely misses you.
Casting: Flame Tongue (safe; 7% risk of failure)
Confirm with . or Enter, or press ? or * to list all spells.
Aiming: Flame Tongue (safe; 7% risk of failure)
Press: ? - help, Shift-Dir - straight line, f - orc
Aim: an orc, wielding a +0 flail You feel a surge of power!
The flame tongue hits the orc!
You kill the orc!
The jackal closely misses you. Something hits you.
* * * LOW HITPOINT WARNING * * *
The jackal misses you.
Things that are here:
a +0 flail x2; an orc corpse
b - a +0 flail You feel sick.
You are no longer poisoned.
The jackal closely misses you. Something hits you.
You die...

.#.# ... .#@#
.. .#.# ..
.#.# .##
##########.#.#
...
hhh.h.§§§§§#.#
#.#
#####.h§§§##.#
#{# #h###(##.#
#@# #K# #§§§..
#h# #@# ######
#S# #.# #h#
#h# #K# #.#
#.#######.#
#....h..K.#
###########


You could see an adder, 2 jackals and a kobold.

Vanquished Creatures
  An orc priest (D:3)
  2 adders
  2 worms (D:2)
  3 dart slugs (D:1)
  2 leopard geckos
  2 orcs (D:3)
  8 bats
  2 bat zombies (D:1)
  2 giant cockroaches
  2 goblins
  2 hobgoblins (D:1)
  3 kobolds
  2 rats
33 creatures vanquished.

Notes
Turn   | Place    | Note
-------+----------+-------------------------------------------
     0 | D:1      | Bronimir the Ogre Fire Elementalist began the quest for the
                  | Orb.
     0 | D:1      | Reached XP level 1. HP: 16/16 MP: 3/3
   162 | D:1      | Reached XP level 2. HP: 26/26 MP: 0/5
   218 | D:1      | Learned a level 2 spell: Throw Flame
   218 | D:1      | Reached skill level 1 in Fighting
   431 | D:1      | Reached skill level 1 in Conjurations
   795 | D:1      | Reached XP level 3. HP: 33/33 MP: 1/7
  1102 | D:1      | Learned a level 3 spell: Conjure Flame
  1963 | D:2      | You fall into a shaft and drop 1 floor!
  1969 | D:3      | Found a bloodstained altar of Trog.
  1969 | D:3      | Noticed Sigmund
  1971 | D:3      | Reached XP level 4. HP: 42/42 MP: 5/8
  2047 | D:3      | Slain by an orc wizard

Levels and vault maps discovered:
D:1:      saegor_arrival_fortress, layout_basic, st_stairs_3,
          chequers_arboretum, minmay_misc_feat_nine_boxes,
          minmay_misc_feat_roman, minmay_pentomino_r4
D:2:      layout_basic, chequers_ecumenical_altar_island, first_ration
D:3:      layout_basic, marbit_many_paths,
          chequers_temple_overflow_statue_of_worship, uniq_sigmund

Skill      XL: |  1  2  3  4 |
---------------+-------------+-----
Fighting       | 1 2 |  2.0
Fire Magic     | 3 |  3.3
Conjurations   | 1 |  1.6
Dodging        | 2 |  2.1
Spellcasting   | 3 |  3.2
Stealth        | |  1.4
Unarmed Combat | |  0.5

Action                   |  1- 3 |  4- 6 || total
-------------------------+-------+-------++-------
Melee: Unarmed           |    55 |       ||    55
 Cast: Flame Tongue      |    51 |     5 ||    56
       Throw Flame       |     3 |       ||     3
  Use: Scroll            |       |     5 ||     5
 Stab: Sleeping          |     1 |       ||     1
  Eat: Ration            |     1 |       ||     1
Armor: Robe              |    40 |     4 ||    44
Dodge: Dodged            |    50 |    17 ||    67
